 Dungeon Crawl Stone Soup version 0.32-a0-779-g362cfcae2a (webtiles) character file.

Game seed: 2176836050060749464

667 pokeman the Magician (level 7, -3/40 HPs)
             Began as a Deep Elf Hedge Wizard on Mar 19, 2024.
             Was an Initiate of Vehumet.
             Slain by Grinder (7 damage)
             ... on level 5 of the Dungeon.
             The game lasted 00:07:56 (5281 turns).

pokeman the Magician (Deep Elf Hedge Wizard)        Turns: 5281, Time: 00:07:57

Health: -3/40      AC:  6    Str:  7    XL:     7   Next: 31%
Magic:  15/20      EV: 11    Int: 27    God:    Vehumet [......]
Gold:   292        SH:  0    Dex: 20    Spells: 13/21 levels left

rFire   . . .        s - +2 quarterstaff (chaos)
rCold   . . .        (shield currently unavailable)
rNeg    . . .        x - +2 leather armour {rPois}
rPois   +            c - +0 hat
rElec   .            l - +0 cloak
rCorr   .            (no gloves)
SInv    .            (no boots)
Will    .....        (no amulet)
Stlth   ++           g - +6 ring of dexterity
HPRegen 0.26/turn    v - +6 ring of intelligence
MPRegen 0.17/turn

%: no passive effects
@: no status effects
A: no striking features
a: Renounce Religion


You were on level 5 of the Dungeon.
You worshipped Vehumet.
Vehumet was noncommittal.
You visited 2 branches of the dungeon, and saw 6 of its levels.

You collected 292 gold pieces.

Inventory:

Hand Weapons
 s - a +2 quarterstaff of chaos (weapon)
Armour
 a - a scarf of shadows
 b - a scarf of invisibility
 c - a +0 hat (worn)
 l - a +0 cloak (worn)
 x - a +2 leather armour of poison resistance (worn)
Magical Staves
 e - a staff of alchemy
Jewellery
 g - a +6 ring of dexterity (left hand)
 v - a +6 ring of intelligence (right hand)
Wands
 r - a wand of polymorph (5)
Scrolls
 f - 5 scrolls of identify {unknown}
 h - 2 scrolls of blinking {unknown}
 i - 2 scrolls of teleportation {unknown}
 j - a scroll of fear {unknown}
 k - a scroll of amnesia {unknown}
 q - 2 scrolls of enchant armour {unknown}
 w - a scroll of revelation {unknown}
 y - a scroll of immolation {unknown}
Potions
 d - a potion of magic
 m - a potion of berserk rage {unknown}
 n - a potion of enlightenment {unknown}
 o - a potion of ambrosia {unknown}
 p - a potion of resistance {unknown}
 t - a potion of haste {unknown}
 u - a potion of attraction {unknown}


   Skills:
 + Level 2.0 Fighting
 - Level 2.0 Armour
 - Level 3.0 Dodging
 - Level 3.1 Stealth
 * Level 7.9 Spellcasting
 + Level 3.9 Conjurations
 - Level 1.1 Summonings
 - Level 1.1 Translocations
 - Level 1.1 Air Magic
 - Level 1.0 Alchemy
 - Level 1.0 Evocations


You had 13 spell levels left.
You knew the following spells:

 Your Spells              Type           Power      Damage    Failure   Level
a - Magic Dart            Conj           100%       1d8       1%          1
b - Mephitic Cloud        Conj/Alch/Air  21%        N/A       10%         3
c - Call Imp              Summ           32%        N/A       8%          2
d - Blink                 Tloc           32%        N/A       8%          2

Your spell library contained the following spells:

 Spells                   Type           Power      Damage    Failure   Level
 Slow                     Hex            40%        N/A       8%          1
 Cigotuvi's Dreadful Rot  Necr/Alch/Air  28%        N/A       9%          2
 Sublimation of Blood     Necr           10%        N/A       12%         2
 Petrify                  Alch/Erth      13%        N/A       52%         4
 Irradiate                Conj/Alch      12%        3d15      61%         5


Dungeon Overview and Level Annotations

Branches:
Dungeon (5/15)             Temple (1/1) D:4

Altars:
Ashenzari
Fedhas
Kikubaaqudgha
Nemelex Xobeh
Okawaru
Qazlal
Ru
Sif Muna
Trog
Uskayaw
Vehumet
Wu Jian
Yredelemnul
Zin
The Shining One

Annotations:
D:3 1 runed translucent door
D:5 3 runed translucent doors, Grinder; ezpacito's ghost, novice CoCK


Message History

You can move again.
Unknown command.
You closely miss Grinder.
Grinder is moderately wounded.
Your cerulean imp hits Grinder but does no damage.
Grinder hits you but does no damage.
Unknown command.
You thump Grinder!
Grinder is heavily wounded.
Your cerulean imp misses Grinder.
Grinder hits you.
Unknown command.
You hit Grinder but do no damage.
Grinder is heavily wounded.
Your cerulean imp hits Grinder from afar with a -3 spear.
Grinder gestures at you. Pain shoots through your body!
Your cerulean imp hits Grinder from afar with a -3 spear.
Your cerulean imp hits Grinder but does no damage.
Grinder closely misses your cerulean imp.
You hit Grinder.
Grinder convulses.
Grinder is severely wounded.
Your cerulean imp hits Grinder but does no damage.
Grinder hits you but does no damage.
You hit Grinder.
Grinder is almost dead.
Your cerulean imp completely misses Grinder.
Grinder gestures at you. Pain shoots through your body!
* * * LOW HITPOINT WARNING * * *
Unknown command.
You barely miss Grinder.
Grinder is almost dead.
Your cerulean imp barely misses Grinder.
Grinder gestures at you. Pain shoots through your body!
* * * LOW HITPOINT WARNING * * *
Your cerulean imp hits Grinder but does no damage.
Grinder hits you!
You die...
Grinder says, "Hey, I wasn't done torturing you yet!"

##...##
##...# #...#
##..# #.##
##.# #.5#
#.5# #@.##
#...#
#.........#
.[.........##
####........#
####.....#
#......#
.......#
.......


You could see Grinder (ally target) and a friendly cerulean imp (summoned).

Vanquished Creatures
  A water moccasin (D:5)
  A centaur (D:5)
  An ogre (D:4)
  A scorpion (D:4)
  A howler monkey (D:5)
  A bombardier beetle (D:4)
  Crazy Yiuf (D:2)
  An orc priest (D:4)
  2 jellies (D:4)
  A hound (D:5)
  7 adders
  3 dart slugs
  3 ribbon worms
  10 orcs
  3 ball pythons
  6 endoplasms
  A giant cockroach (D:3)
  3 goblins
  5 hobgoblins
  2 jackals (D:2)
  A quokka (D:4)
  A bat (D:1)
  3 frilled lizards
  A jackal zombie (D:3)
  A kobold (D:1)
  5 rats
66 creatures vanquished.

Notes
Turn   | Place    | Note
-------+----------+-------------------------------------------
     0 | D:1      | pokeman the Deep Elf Hedge Wizard began the quest for the
                  | Orb.
     0 | D:1      | Reached XP level 1. HP: 10/10 MP: 7/7
   430 | D:1      | Reached XP level 2. HP: 14/16 MP: 1/9
  1029 | D:2      | Found a runed translucent door.
  1030 | D:2      | Noticed Crazy Yiuf
  1184 | D:2      | Found a blossoming altar of Fedhas.
  1485 | D:2      | Reached skill level 5 in Spellcasting
  1993 | D:3      | Found an ornate altar of the Wu Jian Council.
  2027 | D:3      | Reached XP level 3. HP: 20/20 MP: 5/11
  2031 | D:3      | Learned a level 3 spell: Mephitic Cloud
  2034 | D:3      | Learned a level 2 spell: Call Imp
  2037 | D:3      | Learned a level 2 spell: Blink
  2347 | D:3      | Found a sacrificial altar of Ru.
  2347 | D:3      | Found an iron altar of Okawaru.
  2425 | D:3      | Found a runed translucent door.
  2425 | D:3      | Noticed a human
  2472 | D:3      | Found a basalt altar of Yredelemnul.
  2945 | D:2      | Killed Crazy Yiuf
  2946 | D:2      | Reached skill level 1 in Fighting
  2946 | D:2      | Reached skill level 1 in Armour
  2946 | D:2      | Reached XP level 4. HP: 12/25 MP: 3/13
  3083 | D:4      | Noticed a scorpion
  3098 | D:4      | Killed a scorpion
  3099 | D:4      | Reached skill level 6 in Spellcasting
  3099 | D:4      | Reached XP level 5. HP: 25/29 MP: 7/15
  3453 | D:4      | Found a staircase to the Ecumenical Temple.
  3465 | Temple   | Entered the Ecumenical Temple
  3479 | Temple   | Became a worshipper of Vehumet
  3822 | D:4      | Found a sparkling altar of Nemelex Xobeh.
  4055 | D:4      | Noticed an ogre
  4064 | D:4      | Killed an ogre
  4065 | D:4      | Reached XP level 6. HP: 35/35 MP: 9/17
  4077 | D:4      | Reached skill level 7 in Spellcasting
  4719 | D:5      | Entered Level 5 of the Dungeon
  5026 | D:5      | Reached XP level 7. HP: 40/40 MP: 16/20
  5104 | D:5      | Reached skill level 1 in Air Magic
  5104 | D:5      | Reached skill level 1 in Alchemy
  5104 | D:5      | Reached skill level 1 in Evocations
  5228 | D:5      | Found a runed translucent gate.
  5228 | D:5      | Found a runed translucent gate.
  5228 | D:5      | Found a runed translucent gate.
  5231 | D:5      | Noticed ezpacito's ghost (novice CoCK)
  5261 | D:5      | Noticed Grinder
  5270 | D:5      | Paralysed by Grinder for 5 turns
  5281 | D:5      | Slain by Grinder

Illustrated notes

Levels and vault maps discovered:
D:1:      minmay_arrival_cross, layout_loops_ring
D:2:      layout_loops_ring, basic_altar, uniq_crazy_yiuf_cottage
D:3:      layout_basic, nzn_wu_jian_council_hall, dk_yredelemnul_ordeal,
          gammafunk_temple_overflow_statue
D:4:      layout_layer_cave, nemelex_dance_club_becter,
          minmay_temple_entry_glass, minmay_cupped
D:5:      layout_layer_cave, mainiacjoe_overflow_six_doors_small,
          mainiacjoe_overflow_brackets, gammafunk_ghost_nasty_kobolds,
          serial_shops, shop, uniq_grinder
Temple:   nicolae_temple_figure_zero

Skill      XL: |  1  2  3  4  5  6  7 |
---------------+----------------------+-----
Spellcasting   | 5 6 7 |  7.9
Fighting       | 1 2 |  2.0
Armour         | 1 2 |  2.0
Conjurations   | 2 3 |  3.9
Dodging        | 3 |  3.0
Stealth        | 3 |  3.1
Air Magic      | 1 |  1.1
Alchemy        | 1 |  1.0
Evocations     | 1 |  1.0
Summonings     | |  1.1
Translocations | |  1.1

Action                     |  1- 3 |  4- 6 |  7- 9 || total
---------------------------+-------+-------+-------++-------
  Melee: Dagger            |    10 |       |       ||    10
         Quarterstaff      |       |    32 |     7 ||    39
   Cast: Magic Dart        |    91 |    68 |    24 ||   183
         Call Imp          |     2 |       |     2 ||     4
         Mephitic Cloud    |     1 |     8 |       ||     9
         Blink             |       |     1 |       ||     1
   Stab: Confused          |       |     4 |       ||     4
 Armour: Robe              |    13 |    17 |       ||    30
         Leather armour    |       |     9 |    12 ||    21
  Dodge: Dodged            |    11 |    23 |     4 ||    38

Table legend: (Time is in decaauts)
 A = Elapsed time spent in this place.
 B = Non-inter-level travel time spent in this place.
 C = Inter-level travel time spent in this place.
 D = Time resting spent in this place.
 E = Time spent auto-exploring this place.
 F = Levels seen in this place.
 G = Mean time per level.
                   A        B        C        D        E       F      G
               +--------+--------+--------+--------+--------+-----+--------+
         Total |   5291 |   5038 |    253 |    132 |   4298 |   6 |  881.8 |
       Dungeon |   5264 |   5035 |    229 |    132 |   4298 |   5 | 1052.8 |
        Temple |     26 |      2 |     24 |      0 |      0 |   1 |   26.0 |
               +--------+--------+--------+--------+--------+-----+--------+

Top non-repeatable levels by time:
     D:4: 1535 daAuts
     D:3: 1252 daAuts
     D:2: 1067 daAuts
     D:1: 844 daAuts
     D:5: 564 daAuts
  Temple: 26 daAuts
